AoeStats
← m_paruch

Arena

509466033Analyzed
1v1 RM · 4d ago on Sep 26, 2026· 29m 49s· 2 players
Game mode
Random Map
Map size
Tiny (2 player)
Population
200
Speed
Normal
Resources
Standard
Victory
Conquest
Starting age
Dark Age
Ending age
Imperial Age
RankedLock teamsTeams togetherTeam positionsShared explorationLock speedFull tech treeHidden civsTurbo modeCheats
Victory
Defeat
🇹🇷 Poles · Türkiye
567
+9
🇺🇸 Teutons · United States
407
-9
m_paruch
8:15 Loom
13:13 Feudal Age
14:50 Wheelbarrow
14:04 Double-Bit Axe
14:00 Horse Collar
18:29 Forging
18:20 Scale Mail Armor
17:45 Man-at-Arms
18:22 Gold Mining
18:50 Stone Mining
19:38 Town Watch
21:04 Padded Archer Armor
20:55 Fletching
27:46 Castle Age
29:31 Heavy Plow
29:45 Bow Saw
29:52 Hand Cart
Era8812
10:38 Feudal Age
17:50 Castle Age
16:17 Stone Mining
16:16 Double-Bit Axe
16:21 Horse Collar
18:49 Bow Saw
21:08 Heavy Plow
20:37 Pikeman
24:12 Squires
23:49 Elite Skirmisher
24:47 Szlachta Privileges
26:18 Husbandry
Connection lost

Rejoining the realm…

Still unreachable

The connection could not be restored.

Session expired

The server has moved on; the page needs a fresh start.